 Dungeon Crawl Stone Soup version 0.18.1-6-gd335043 (webtiles) character file.

29 Moloch the Ruffian (level 3, 28/29 HPs)
             Began as a Demonspawn Fighter on May 18, 2016.
             Quit the game on level 2 of the Dungeon.
             The game lasted 00:01:16 (1065 turns).

Moloch the Ruffian (Demonspawn Fighter)             Turns: 1065, Time: 00:01:16

Health: 28/29      AC:  7    Str: 16    XL:     3   Next: 1%
Magic:  3/3        EV:  6    Int:  9    God:
Gold:   72         SH:  8    Dex: 13    Spells: 0 memorised, 2 levels left

rFire  + . .     SeeInvis .       - Unarmed
rCold  . . .     Gourm    .     a - +0 scale mail
rNeg   . . .     Faith    .     b - +0 shield
rPois  .         Spirit   .     k - +0 helmet
rElec  .         Dismiss  .     (no cloak)
rCorr  .         Reflect  .     (no gloves)
SustAt .         Harm     .     (no boots)
MR     .....                    (no amulet)
Stlth  +.........               (no ring)
                                (no ring)

@: not resistant to hostile enchantments, very unstealthy
A: fire resistance 1, nightstalker 1
a: no special abilities


You were on level 2 of the Dungeon.
You were not hungry.

You visited 1 branch of the dungeon, and saw 2 of its levels.

You collected 72 gold pieces.

Inventory:

Armour
 a - a +0 scale mail (worn)
 b - a +0 shield (worn)
 k - a +0 helmet (worn)
Scrolls
 g - a scroll of noise {unknown}
Potions
 c - a potion of might
 e - a potion of cancellation {unknown}
 i - a potion of degeneration {unknown}
 j - a potion of mutation {unknown}
 l - a potion of magic {unknown}
 m - a potion of berserk rage {unknown}
Comestibles
 d - 2 bread rations
 f - a beef jerky
 h - 2 chunks of flesh


   Skills:
 - Level 3.0 Fighting
 - Level 2.6 Armour
 - Level 2.6 Shields
 + Level 3.1 Unarmed Combat


You had 2 spell levels left.
You didn't know any spells.

Dungeon Overview and Level Annotations

Branches:
Dungeon (2/15)

Altars:
Ashenzari
Dithmenos
Okawaru


Innate Abilities, Weirdness & Mutations

Your flesh is heat resistant.
You are slightly more attuned to the shadows.


Message History

You hit the bat but do no damage. You block the bat's attack.
The bat hits you but does no damage.
You miss the bat. The bat hits you but does no damage.
You block the bat's attack. The bat closely misses you.
The bat barely misses you. You block the bat's attack.
You closely miss the bat. The bat hits you but does no damage.
You hit the bat but do no damage. The bat hits you.
You hit the bat.
The bat is moderately wounded.
You block the bat's attack.
You hit the bat.
You kill the bat!
You have reached level 3!
Your experience leads to an increase in your attributes!
Increase (S)trength, (I)ntelligence, or (D)exterity?
You feel agile.
Your demonic ancestry asserts itself...
You slip into the darkness of the dungeon.
You see here a bat corpse.
Found an iron altar of Okawaru.
Are you sure you want to abandon this character and quit the game? (Confirm with "yes".)

#.######### ..# #
#.........##.## #
#########.....# ####
##.....## ...#
#......#
..##.######......# #
.##..............#.#
##
..######...().#.#...
# #.....@....._
.######.....#.#...
.....#)....(#.#
............#
.......†....#
.....#......#
.....#.......... #
.... ##.......## ##
...$ ##.....##


There were no monsters in sight!

Vanquished Creatures
  An ooze (D:1)
  A worm (D:2)
  A dart slug (D:2)
  A giant cockroach (D:1)
  3 goblins (D:1)
  3 kobolds
  A quokka (D:2)
  4 bats
  6 rats (D:1)
21 creatures vanquished.

Notes
Turn   | Place    | Note
--------------------------------------------------------------
     0 | D:1      | Moloch the Demonspawn Fighter began the quest for the Orb.
     0 | D:1      | Reached XP level 1. HP: 18/18 MP: 1/1
   149 | D:1      | Gained mutation: Your flesh is heat resistant. [demonic ancestry]
   149 | D:1      | Reached XP level 2. HP: 21/24 MP: 2/2
   663 | D:2      | Found a shadowy altar of Dithmenos.
   819 | D:2      | Found a shattered altar of Ashenzari.
  1059 | D:2      | Gained mutation: You are slightly more attuned to the shadows. [demonic ancestry]
  1059 | D:2      | Reached XP level 3. HP: 28/29 MP: 3/3
  1064 | D:2      | Found an iron altar of Okawaru.
  1065 | D:2      | Quit the game

Skill      XL: |  1  2 |
---------------+-------+-----
Unarmed Combat | 2 3 |  3.1
Fighting       | |  3.0
Armour         | |  2.6
Shields        | |  2.6

Action                   || total
-------------------------++-------
Melee: Unarmed           ||    91
  Eat: Chunk             ||     1
Armor: Scale mail        ||    43
Dodge: Dodged            ||    24
Block: Shield            ||    48
